 Dungeon Crawl Stone Soup version 0.31-a0-640-g39d97e502b (webtiles) character file.

Game seed: 15637849590056550233

10 qw the Shooter (level 2, 0/17 HPs)
             Began as a Gargoyle Hunter on Aug 27, 2023.
             Slain by a goblin
             ... wielding a +0 club
             ... led by Robin
              (3 damage)
             ... on level 2 of the Dungeon.
             The game lasted 00:00:10 (525 turns).

qw the Shooter (Gargoyle Hunter)                     Turns: 525, Time: 00:00:10

Health: 0/17       AC:  5    Str: 14    XL:     2   Next: 20%
Magic:  2/2        EV: 11    Int:  9    God:
Gold:   54         SH:  0    Dex: 13    Spells: 1/1 levels left

rFire   . . .        Y - +0 shortbow
rCold   . . .        (shield currently unavailable)
rNeg    + . .        c - +0 leather armour
rPois   inf          (no helmet)
rElec   +            (no cloak)
rCorr   .            (no gloves)
SInv    .            (no boots)
Will    .....        (no amulet)
Stlth   +            (no ring)
HPRegen 0.22/turn    (no ring)
MPRegen 0.08/turn

%: no passive effects
@: no status effects
A: sickness immunity, AC +2, negative energy resistance 1, electricity
resistance, torment resistance 1, petrification resistance
a: no special abilities


You were on level 2 of the Dungeon.
You visited 1 branch of the dungeon, and saw 2 of its levels.

You collected 54 gold pieces.


Innate Abilities, Weirdness & Mutations

You are immune to sickness and miasma.
Your stone body is resilient. (AC +2)
You are immune to poison.
You resist negative energy. (rN+)
You are resistant to electric shocks. (rElec)
You are resistant to unholy torment.
You are immune to petrification.


   Skills:
 - Level 2.1 Fighting
 + Level 4.5 Ranged Weapons
 - Level 1.5 Dodging
 - Level 1.1 Stealth


You had one spell level left.
You didn't know any spells.
Your spell library was empty.

Inventory:

Hand Weapons
 Y - a +0 shortbow (weapon)
Armour
 c - a +0 leather armour (worn)

Dungeon Overview and Level Annotations

Branches:
Dungeon (2/15)

Altars:
Ashenzari

Shops:
D:1 [   D:2 ?

Annotations:
D:2 Robin


Message History

You hear a shout!
The goblin barely misses you.
You shoot an arrow. The arrow hits the goblin.
You kill the goblin!
You shoot an arrow. The arrow hits the hobgoblin.
You kill the hobgoblin!
The goblin unwields a +0 dagger.
The goblin wields a +0 sling.
The goblin shoots a sling bullet.
The sling bullet misses you. Robin throws the goblin at you!
You shoot an arrow. The arrow closely misses the goblin.
A goblin comes into view. It is wielding a +0 dagger.
The goblin hits you but does no damage.
Robin zaps a wand.
The puff of flame hits you!
The goblin shoots a sling bullet.
The sling bullet hits you.
You shoot an arrow.
The arrow hits the goblin but does no damage.
The goblin closely misses you.
You shoot an arrow. The arrow closely misses the goblin.
The goblin hits you with a +0 club.
The goblin unwields a +0 sling.
The goblin wields a +0 dagger.
The goblin hits you but does no damage. The goblin closely misses you.
You shoot an arrow. The arrow barely misses the goblin.
The goblin hits you but does no damage. The goblin barely misses you.
You shoot an arrow. The arrow closely misses the goblin.
The arrow hits Robin but does no damage.
You hear a shout!
The goblin no longer looks unusually strong.
The goblin closely misses you. The goblin hits you with a +0 club.
The goblin hits you with a +0 dagger.
You shoot an arrow. The arrow hits the goblin.
The goblin is severely wounded.
The goblin no longer looks unusually strong. x2
The goblin closely misses you.
Robin roars a battlecry!
The goblins go into a battle-frenzy!
The goblin hits you but does no damage.
You shoot an arrow. The arrow closely misses the goblin.
The arrow hits Robin.
Robin is lightly wounded.
The goblin hits you with a +0 club.
You die...

#.........#
.######.._..###
...............
#######.....###
..........###
#######.#.# #.#.#
#######.#.##########
#....).........g@gg#
#........#########g#
#........# ...#
#........# ....#
#........# .....#
#........# \gg...#
#........# #.gg#.##
#........# #.gg..#


You could see Robin and 3 goblins.

Vanquished Creatures
  3 goblins
  2 hobgoblins (D:2)
  A ball python (D:1)
  2 frilled lizards (D:1)
  A kobold (D:2)
  2 rats (D:1)
11 creatures vanquished.

Notes
Turn   | Place    | Note
-------+----------+-------------------------------------------
     0 | D:1      | qw the Gargoyle Hunter began the quest for the Orb.
     0 | D:1      | Reached XP level 1. HP: 12/12 MP: 1/1
     0 | D:1      | 0 ||| qw: Version: 0.3-a-74-g0d5e918
     0 | D:1      | 0 ||| qw: Game counter: 22
     0 | D:1      | 0 ||| qw: Melee chars always use a shield: true
     0 | D:1      | 0 ||| qw: God list: Okawaru
     0 | D:1      | 0 ||| qw: Allow faded altars: false
     0 | D:1      | 0 ||| qw: Do Orc after clearing Dungeon:15 true
     0 | D:1      | 0 ||| qw: Do second Lair branch before Depths: true
     0 | D:1      | 0 ||| qw: Lair rune preference: random
     0 | D:1      | 0 ||| qw: Goals: Normal
     0 | D:1      | 0 ||| PLANNING D:1-11
   109 | D:1      | Found Mienoit's Antique Armour Shoppe.
   117 | D:1      | 117 ||| SHOPLISTING cloak (103 gold, have 30).
   117 | D:1      | 117 ||| SHOPLISTING pair of boots (103 gold, have 30).
   117 | D:1      | 117 ||| SHOPLISTING ring mail (92 gold, have 30).
   441 | D:1      | 441 ||| READING scroll labelled DEPSIPT JITUTZ.
   442 | D:1      | 442 ||| READING scroll labelled DURUEMUYLU.
   443 | D:1      | 443 ||| DROPPING scroll of butterflies.
   479 | D:2      | Found a broken altar of Ashenzari.
   503 | D:2      | Found Aloixzag's Magic Scroll Emporium.
   504 | D:2      | 504 ||| RETREATING.
   509 | D:2      | Reached XP level 2. HP: 17/17 MP: 2/2
   511 | D:2      | Noticed Robin
   512 | D:2      | 512 ||| Stepping ~*~*~tactically~*~*~ (retreating).
   523 | D:2      | HP: 3/17 [goblin/+0 dagger[Robin] (2)]
   525 | D:2      | Slain by a goblin

Levels and vault maps discovered:
D:1:      lemuel_arrival_muddy, layout_rooms, serial_shops, shop
D:2:      layout_basic, basic_altar, serial_shops, shop,
          kennysheep_decorative_pillar, chequers_jeans, uniq_crazy_yiuf_cottage,
          uniq_robin

Action                     || total
---------------------------++-------
   Fire: Shortbow          ||    31
    Use: Scroll            ||     2
 Armour: Leather armour    ||     9
  Dodge: Dodged            ||    12

Table legend:
 A = Non-vault XP
 B = Vault XP
 C = Vault XP percentage of total XP
 D = Non-vault monster count
 E = Vault monster count
 F = Vault count percentage of total count
                 A         B        C        D         E       F
            +---------+---------+-------+---------+---------+-------
      Total |       8 |       7 |  46.7 |       7 |       4 |  36.4
            +---------+---------+-------+---------+---------+-------
        D:1 |       7 |       0 |   0.0 |       6 |       0 |   0.0
        D:2 |       1 |       7 |  87.5 |       1 |       4 |  80.0
            +---------+---------+-------+---------+---------+-------
